Map: Troizinia LE

Players

Nigrnog

  • Race: Zerg Zerg
  • League: Gold
  • Spawn Location: 3:00

MooEsqoo

  • Race: Protoss Protoss
  • Spawn Location: 6:00

Cucanera

  • Race: Protoss Protoss
  • League: Bronze
  • Spawn Location: 5:00

RONIN

  • Race: Terran Terran
  • League: Platinum
  • Spawn Location: 5:00

Zerrotul

  • Race: Zerg Zerg
  • Spawn Location: 11:00

anubis

  • Race: Protoss Protoss
  • Spawn Location: 9:00

Melot

  • Race: Protoss Protoss
  • Spawn Location: 11:00

razor

  • Race: Terran Terran
  • Spawn Location: 12:00

VOD

Have the link to the VOD?

Description

Time

  • Played on: Jan. 26, 2020, 12:21 p.m.
  • Length: 7:58
Show
View Real Time Build Order
Export as new Build Order

Nigrnog Zerg 

Build Orders: Hatch First 

Get SALT Encoding   

  12  0:01  Drone  
  13  0:08  Drone  
  14  0:17  Overlord  
  14  0:35  Drone x3  
  17  0:46  Drone  
  18  1:00  Hatchery  
  18  1:01  Drone  
  18  1:15  Drone  
  19  1:36  Drone x2  
  21  1:48  Hatchery  
  20  2:01  Drone  
  20  2:02  Drone  
  20  2:03  Overlord  
  20  2:06  Extractor  
  21  2:10  Hatchery  
  20  2:22  Spawning Pool  
  19  2:25  Overlord  
  19  2:33  Drone  
  20  2:38  Drone x2  
  22  2:50  Drone x2  
  24  3:06  Drone x2  
  24  3:07  Drone  
  27  3:13  Queen  
  27  3:15  Queen  
  31  3:20  Queen  
  31  3:24  Zergling x2  
  34  3:27  Zergling x2  
  35  3:37  Spine Crawler  
  35  3:38  Spine Crawler  
  33  3:44  Spine Crawler  
  32  3:54  Zergling x4  
  33  3:56  Zergling x2  
  34  4:11  Overlord  
  32  4:25  Overlord x2  
  31  4:33  Baneling Nest  
  31  4:34  Extractor  
  29  4:50  Zergling x14  
  29  4:51  Zergling x2  
  34  4:59  Zergling x2  
  36  5:07  Zergling x6  
  37  5:18  Extractor, Spawning Pool  
  35  5:22  Baneling x5  
  35  5:23  Baneling  
  27  5:51  Drone x5  
  27  5:52  Drone  
  33  6:06  Spore Crawler  
  33  6:08  Spore Crawler  
  31  6:11  Drone x2  
  31  6:12  Drone x3  
  36  6:23  Drone x4  
  33  6:45  Overlord x4  
  33  7:05  Drone x3  
  36  7:15  Hatchery  
  37  7:28  Zergling x2  
  37  7:29  Zergling x2  
  37  7:42  Spore Crawler  
  36  7:44  Spore Crawler  
  36  7:46  Spore Crawler x2  
Show
View Real Time Build Order
Export as new Build Order

MooEsqoo Protoss 

Build Orders:  

Get SALT Encoding   

  12  0:01  Probe  
  13  0:15  Pylon  
  13  0:19  Probe  
  14  0:36  Probe  
  14  0:37  Pylon  
  15  0:45  Gateway  
  15  0:54  Assimilator  
  15  0:55  Probe (Chrono Boost)  
  16  1:08  Probe (Chrono Boost)  
  17  1:16  Probe (Chrono Boost)  
  18  1:22  Probe  
  19  1:34  Probe  
  20  1:46  Probe  
  20  1:47  Nexus  
  21  2:06  Probe, Cybernetics Core  
  22  2:18  Probe  
  22  2:20  Pylon  
  22  2:22  Assimilator  
  23  2:31  Probe  
  24  2:43  Probe, Shield Battery  
  25  2:47  Stalker (Chrono Boost), Shield Battery  
  25  2:50  Warp Gate  
  27  2:58  Gateway  
  27  3:01  Probe x2  
  29  3:13  Probe x2  
  29  3:17  Pylon  
  31  3:21  Stalker  
  31  3:26  Probe x2  
  35  3:38  Probe x2  
  37  3:44  Pylon  
  37  3:45  Shield Battery  
  37  3:47  Stalker  
  39  3:59  Probe x2  
  41  4:03  Assimilator  
  41  4:06  Assimilator  
  41  4:11  Probe x2  
  41  4:12  Stalker  
  45  4:25  Stalker  
  47  4:42  Probe x2  
  49  4:48  Shield Battery  
  49  4:50  Shield Battery  
  49  4:51  Sentry  
  51  4:54  Probe x2  
  30  5:37  Probe x2  
  30  5:39  Stalker  
  30  5:40  Stalker  
  35  5:47  Gateway  
  35  5:49  Gateway, Probe x2  
  37  6:01  Probe  
  36  6:16  Stalker x2  
  38  6:24  Probe x2  
  40  6:36  Probe x2  
  42  6:40  Stalker x2  
  31  7:04  Probe x2  
  27  7:16  Probe x2  
Show
View Real Time Build Order
Export as new Build Order

Cucanera Protoss 

Build Orders:  

Get SALT Encoding   

  12  0:04  Probe (Chrono Boost)  
  14  0:14  Probe (Chrono Boost)  
  14  0:19  Pylon  
  14  0:20  Probe (Chrono Boost)  
  15  0:37  Probe  
  15  0:39  Gateway  
  16  0:49  Probe  
  17  0:52  Assimilator  
  17  1:01  Probe (Chrono Boost)  
  19  1:13  Probe (Chrono Boost)  
  19  1:18  Probe (Chrono Boost)  
  20  1:26  Cybernetics Core  
  20  1:30  Assimilator  
  20  1:35  Probe  
  21  1:46  Nexus  
  21  1:47  Probe  
  22  1:59  Probe  
  23  2:04  Pylon  
  23  2:08  Stargate  
  23  2:22  Probe  
  24  2:34  Probe  
  25  2:39  Stargate  
  25  2:46  Probe  
  26  2:51  Pylon  
  26  2:57  Probe (Chrono Boost)  
  27  2:59  Probe (Chrono Boost)  
  28  3:09  Probe (Chrono Boost)  
  28  3:11  Fleet Beacon  
  29  3:15  Probe  
  29  3:17  Probe  
  31  3:27  Probe  
  31  3:29  Probe  
  33  3:39  Probe  
  33  3:41  Probe  
  35  3:44  Robotics Facility  
  35  3:51  Assimilator  
  35  3:53  Void Ray (Chrono Boost)  
  35  3:55  Assimilator  
  39  4:20  Stalker  
  22  4:40  Void Ray (Chrono Boost)  
  19  4:51  Probe x2  
  12  5:10  Probe x2  
  12  5:22  Probe x2  
  14  5:34  Probe x2 (Chrono Boost)  
  16  5:46  Probe (Chrono Boost)  
  16  5:47  Probe (Chrono Boost)  
  18  5:55  Probe x2 (Chrono Boost)  
  20  6:00  Probe x2  
  14  6:38  Probe (Chrono Boost)  
  14  6:39  Probe (Chrono Boost)  
  16  6:50  Probe x2 (Chrono Boost)  
  18  6:55  Probe x2 (Chrono Boost)  
  20  7:04  Probe (Chrono Boost)  
  20  7:06  Probe (Chrono Boost)  
  20  7:07  Assimilator  
  22  7:11  Assimilator  
  22  7:16  Probe (Chrono Boost)  
  22  7:22  Probe (Chrono Boost)  
  23  7:23  Probe (Chrono Boost)  
  23  7:28  Probe  
Show
View Real Time Build Order
Export as new Build Order

RONIN Terran 

Build Orders:  

Get SALT Encoding   

  12  0:02  SCV  
  13  0:14  SCV  
  14  0:20  Supply Depot  
  14  0:27  Refinery  
  14  0:44  Barracks  
  14  0:48  SCV  
  15  1:00  SCV  
  16  1:07  Supply Depot  
  16  1:14  Refinery  
  15  1:20  SCV  
  16  1:35  Reaper  
  17  1:40  Orbital Command  
  17  1:55  Factory  
  17  2:06  SCV  
  17  2:07  Reaper  
  19  2:18  SCV  
  20  2:30  SCV  
  20  2:33  Supply Depot  
  21  2:39  Reaper  
  21  2:40  Factory Tech Lab  
  21  2:42  SCV  
  23  2:54  Starport, SCV  
  24  3:07  Engineering Bay  
  24  3:08  SCV  
  24  3:11  Reaper  
  24  3:47  Barracks Tech Lab  
  24  3:48  Siege Tank  
  27  3:54  Missile Turret  
  28  4:01  Bunker  
  6  6:03  Starport Reactor  
  6  6:31  Orbital Command  
  6  6:32  Starport Reactor  
  6  7:07  Refinery, SCV  
  7  7:19  SCV  
  8  7:30  Refinery  
  8  7:32  SCV  
  9  7:44  SCV  
  10  7:45  Barracks Reactor  
Show
View Real Time Build Order
Export as new Build Order

Zerrotul Zerg 

Build Orders: Pool First 

Get SALT Encoding   

  12  0:03  Drone  
  13  0:08  Drone  
  14  0:27  Spawning Pool  
  13  0:31  Drone  
  14  0:38  Overlord  
  14  0:46  Extractor  
  13  0:50  Extractor  
  12  1:03  Drone x3  
  15  1:18  Queen  
  17  1:30  Drone x2  
  19  1:41  Zergling x2  
  19  1:46  Metabolic Boost  
  20  1:49  Zergling x2  
  21  2:10  Hatchery  
  20  2:20  Zergling x4  
  22  2:25  Overlord  
  22  2:32  Overlord  
  22  2:49  Zergling x6  
  25  2:53  Queen  
  27  3:14  Zergling x2  
  27  3:15  Zergling x4  
  30  3:46  Zergling x2  
  30  3:47  Zergling x14  
  20  5:43  Zergling x16  
  20  5:44  Zergling x6  
  31  5:51  Lair  
  31  6:33  Zergling x10, Hatchery  
  31  6:34  Zergling x12  
  31  6:36  Hatchery  
  40  6:41  Hatchery  
Show
View Real Time Build Order
Export as new Build Order

anubis Protoss 

Build Orders:  

Get SALT Encoding   

  12  0:01  Probe  
  13  0:13  Probe  
  14  0:21  Pylon  
  14  0:26  Probe  
  15  0:39  Probe (Chrono Boost)  
  16  0:49  Probe (Chrono Boost)  
  17  0:54  Gateway, Probe (Chrono Boost)  
  18  1:06  Forge, Probe  
  19  1:24  Pylon  
  19  1:31  Assimilator  
  19  1:33  Probe (Chrono Boost)  
  19  1:35  Assimilator  
  20  1:43  Probe (Chrono Boost)  
  20  1:45  Cybernetics Core  
  21  1:48  Probe (Chrono Boost)  
  22  1:59  Probe  
  23  2:19  Pylon  
  23  2:23  Probe  
  23  2:29  Photon Cannon  
  24  2:31  Photon Cannon  
  24  2:33  Photon Cannon  
  24  2:36  Photon Cannon  
  24  2:44  Pylon  
  24  2:53  Stargate  
  24  3:04  Photon Cannon  
  24  3:07  Photon Cannon  
  23  3:54  Stargate  
  23  4:02  Photon Cannon  
  23  4:12  Void Ray (Chrono Boost)  
  27  4:37  Void Ray (Chrono Boost)  
  31  4:44  Void Ray (Chrono Boost)  
  35  6:12  Void Ray x2  
  35  6:27  Pylon  
  35  6:28  Pylon  
  35  6:30  Pylon  
  31  6:46  Shield Battery  
  31  6:47  Shield Battery  
  31  6:48  Shield Battery  
  31  6:55  Void Ray x2  
Show
View Real Time Build Order
Export as new Build Order

Melot Protoss 

Build Orders:  

Get SALT Encoding   

  12  0:12  Pylon  
  12  0:15  Probe  
  13  0:27  Probe (Chrono Boost)  
  14  0:35  Gateway  
  14  0:40  Probe (Chrono Boost)  
  15  0:49  Probe (Chrono Boost)  
  16  0:54  Probe  
  16  0:55  Assimilator  
  17  1:06  Probe  
  17  1:09  Pylon  
  18  1:18  Probe  
  19  1:27  Assimilator  
  19  1:31  Zealot  
  21  1:37  Cybernetics Core  
  21  1:48  Pylon  
  21  1:52  Probe (Chrono Boost)  
  22  1:58  Zealot  
  25  2:02  Probe (Chrono Boost)  
  25  2:07  Probe (Chrono Boost)  
  26  2:25  Zealot  
  26  2:29  Nexus  
  28  2:38  Assimilator  
  28  2:46  Assimilator  
  28  2:52  Stalker  
  28  2:57  Pylon  
  30  3:34  Stalker  
  32  4:04  Stalker  
  32  4:07  Probe (Chrono Boost)  
  35  4:13  Stargate  
  35  4:15  Stargate  
  35  4:16  Pylon  
  36  4:17  Probe (Chrono Boost)  
  36  4:19  Pylon  
  36  4:22  Probe (Chrono Boost)  
  37  4:33  Probe  
  37  4:34  Stalker  
  40  4:45  Probe  
  41  4:59  Void Ray x2 (Chrono Boost)  
  49  5:03  Probe (Chrono Boost)  
  51  5:12  Probe (Chrono Boost)  
  51  5:13  Probe (Chrono Boost)  
  52  5:18  Probe x2 (Chrono Boost)  
  54  5:29  Probe  
  55  5:38  Void Ray (Chrono Boost)  
  55  5:39  Void Ray (Chrono Boost)  
  55  5:41  Pylon, Probe  
  62  6:14  Void Ray x2 (Chrono Boost)  
  62  6:44  Probe  
  63  6:48  Probe  
  63  6:51  Void Ray (Chrono Boost)  
  68  6:56  Probe  
  68  7:00  Probe  
  70  7:09  Probe  
Show
View Real Time Build Order
Export as new Build Order

razor Terran 

Build Orders:  

Get SALT Encoding   

  12  0:01  SCV  
  13  0:14  SCV  
  14  0:27  Supply Depot, SCV  
  15  0:49  SCV  
  16  0:55  Barracks x2  
  16  1:06  Supply Depot  
  16  1:12  SCV  
  17  1:24  SCV  
  18  1:33  Supply Depot  
  18  1:37  SCV  
  19  1:45  Marine  
  19  1:46  Marine  
  21  1:56  Refinery  
  21  2:00  Refinery, SCV  
  22  2:03  Marine  
  22  2:04  Marine  
  24  2:20  SCV  
  24  2:21  Marine x2  
  27  2:32  SCV  
  28  2:39  Marine x2  
  30  2:44  SCV  
  31  2:56  SCV  
  31  2:57  Marine x2  
  34  3:08  Command Center, SCV  
  35  3:26  Marine x2  
  37  3:33  Orbital Command  
  37  3:44  Marine x2  
  39  4:19  Marine x2  
  40  4:37  Marine x2  
  40  4:53  SCV  
  40  4:55  Marine x2  
  43  5:06  SCV  
  44  5:13  Marine x2  
  46  5:18  SCV  
  47  5:30  SCV  
  47  5:31  Marine x2  
  50  5:42  SCV  
  50  5:49  Marine x2  
  44  5:54  SCV  
  44  5:56  Refinery  
  45  5:57  Refinery  
  45  6:06  SCV  
  46  6:16  Marine  
  46  6:17  Marine  
  49  6:18  SCV  
  49  6:30  SCV  
  49  6:34  Marine x2  
  45  6:42  SCV  
  45  6:52  Marine x2  
  45  6:53  Factory  
  47  6:54  SCV  
  47  6:59  Supply Depot  
  48  7:07  SCV  
  49  7:10  Marine x2  
  51  7:19  SCV  
  51  7:21  Supply Depot  
  52  7:28  Marine x2  
  54  7:31  SCV  
  55  7:43  SCV  
  56  7:44  Supply Depot  
Tags
 
Add a new tag
Caveats
  • Supply blocks, unpowered buildings, or Contaminate may cause inaccurate times.
  • Supply counts are checked every 10 seconds.